 Dungeon Crawl Stone Soup version 0.26.0-16-gc1dbca0489 (webtiles) character file.

Game seed: 14269878933972725741

119 kaeus the Shooter (level 4, 0/35 HPs)
             Began as a Demonspawn Wanderer on Jan 22, 2021.
             Succumbed to an adder's poison
             ... on level 2 of the Dungeon.
             The game lasted 00:02:20 (1479 turns).

kaeus the Shooter (Demonspawn Wanderer)             Turns: 1479, Time: 00:02:20

Health: 0/35       AC:  4    Str: 13    XL:     4   Next: 73%
Magic:  4/4        EV: 13    Int: 12    God:
Gold:   92         SH:  0    Dex: 14    Spells: 3/3 levels left

rFire    . . .     SeeInvis .   a - +2 shortbow
rCold    . . .     Faith    +   (shield currently unavailable)
rNeg     . . .     Spirit   .   e - +0 robe
rPois    .         Reflect  .   (no helmet)
rElec    .         Harm     .   (no cloak)
rCorr    .         Rampage  .   (no gloves)
Will     .....                  (no boots)
Stlth    ++........             j - amulet of faith
HPRegen  0.11/turn              (no ring)
MPRegen  0.09/turn              (no ring)

@: lethally poisoned (0 -> -3)
A: icy blue scales 1, miasma immunity
a: no special abilities


You were on level 2 of the Dungeon.
You visited 1 branch of the dungeon, and saw 2 of its levels.

You collected 92 gold pieces.

Inventory:

Hand Weapons
 a - a +2 shortbow (weapon)
Armour
 e - a +0 robe (worn)
Jewellery
 j - an amulet of faith (around neck)
 n - an uncursed ring of protection from fire {unknown}
Scrolls
 f - 2 scrolls of teleportation {unknown}
 h - a scroll of remove curse {unknown}
 l - a scroll of identify {unknown}
 m - a scroll of fear {unknown}
Potions
 c - a potion of lignification
 d - 2 potions of curing
 g - 2 potions of flight {unknown}
 i - a potion of invisibility {unknown}
 k - a potion of resistance {unknown}
 o - a potion of magic {unknown}


   Skills:
 + Level 3.0 Fighting
 - Level 1.0 Polearms
 + Level 3.3 Bows
 + Level 2.7 Dodging
 + Level 2.0 Stealth
 - Level 1.0 Shields
 - Level 1.0 Evocations


You had 3 spell levels left.
You didn't know any spells.
Your spell library was empty.

Dungeon Overview and Level Annotations

Branches:
Dungeon (2/15)

Altars:


Innate Abilities, Weirdness & Mutations

You are partially covered in icy blue scales. (AC +2)
You are immune to miasma.


Message History

The gnoll is lightly wounded.
You feel sick. The gnoll barely misses you.
You take 1 damage, and have 6/35 hp.
You clumsily bash the gnoll but do no damage.
The gnoll is lightly wounded.
The gnoll hits you with a +0 flail.
* * * LOW HITPOINT WARNING * * *
The gnoll barely misses you.
You take 4 damage, and have 2/35 hp.
You clumsily bash the gnoll but do no damage.
The gnoll is lightly wounded.
* * * LOW HITPOINT WARNING * * *
You feel sick. The gnoll misses you.
You take 1 damage, and have 1/35 hp.
You closely miss the gnoll.
The gnoll is lightly wounded.
The gnoll barely misses you.
You clumsily bash the gnoll but do no damage.
The gnoll is lightly wounded.
You die...

##...........## ##..##
########.....# #...# # #...#.#.
.#.#.## # #†....+. .+....# #
########...#.#.# #.#.#.##.###
.......#.....#..#..#.........#
.......#...#.##.(.##...##.##.#
##.###.#...#..##g##....# #
................@......#
...###.#...............#
.#.###.#.........#.##..##.#......
.......)<..<.....#.##..##.#..#...
.#.##..#.>.(.....................
.#.........)<#.#.#..##...........
.####..#.........................
.# #..#...[...#.................
.####..#......(.........#.#......


You could see a gnoll.

Vanquished Creatures
  An orc wizard (D:2)
  4 adders (D:2)
  A worm (D:2)
  4 dart slugs
  4 orcs (D:2)
  2 giant cockroaches (D:1)
  6 goblins
  7 hobgoblins
  5 kobolds (D:1)
  4 bats
  A frilled lizard (D:1)
39 creatures vanquished.

Notes
Turn   | Place    | Note
-------+----------+-------------------------------------------
     0 | D:1      | kaeus the Demonspawn Wanderer began the quest for the Orb.
     0 | D:1      | kaeus set off with the following items: a +2 shortbow, 28
                  | arrows, a potion of lignification, a potion of curing, a +0
                  | robe
     0 | D:1      | Reached XP level 1. HP: 16/16 MP: 1/1
   331 | D:1      | Gained mutation: You are partially covered in icy blue
                  | scales. (AC +2) [demonic ancestry]
   331 | D:1      | Reached XP level 2. HP: 22/22 MP: 2/2
   642 | D:1      | Reached skill level 1 in Stealth
   697 | D:1      | Gained mutation: You are immune to miasma. [demonic
                  | ancestry]
   697 | D:1      | Reached XP level 3. HP: 28/28 MP: 3/3
   877 | D:2      | Reached XP level 4. HP: 22/34 MP: 4/4
  1477 | D:2      | HP: 1/35 [poisoned by an adder]
  1479 | D:2      | Succumbed to an adder's poison

Illustrated notes

Levels and vault maps discovered:
D:1:      mrwooster_arrival_arrow, layout_basic
D:2:      layout_basic, lemuel_doored_altar, minmay_box_of_dots

Skill      XL: |  1  2  3  4 |
---------------+-------------+-----
Dodging        | 2 |  2.7
Bows           | 3 |  3.3
Stealth        | 1 2 |  2.0
Fighting       | 3 |  3.0
Polearms       | |  1.0
Shields        | |  1.0
Evocations     | |  1.0

Action                   |  1- 3 |  4- 6 || total
-------------------------+-------+-------++-------
Melee: Shortbow          |       |     7 ||     7
 Fire: Shortbow          |    73 |    43 ||   116
Armor: Robe              |     5 |     7 ||    12
Dodge: Dodged            |    21 |    23 ||    44
